Map: Ancient Cistern LE

Players

PIMKIE - Winner!

  • Race: Terran Terran
  • League: Gold
  • Spawn Location: 1:00

Raiju

  • Race: Zerg Zerg
  • League: Gold
  • Spawn Location: 7:00

VOD

Have the link to the VOD?

Description

Time

  • Played on: Feb. 22, 2023, 7:13 a.m.
  • Length: 17:21
Show
View Real Time Build Order
Export as new Build Order

PIMKIE Terran - Winner!

Build Orders:  

Get SALT Encoding   

  12  0:00  SCV  
  13  0:12  SCV  
  14  0:17  Supply Depot  
  14  0:24  SCV  
  15  0:38  SCV  
  15  0:39  Barracks  
  16  0:44  Refinery  
  16  0:51  SCV  
  17  1:03  SCV  
  18  1:15  SCV  
  19  1:30  Orbital Command  
  19  1:32  Barracks Reactor  
  19  1:43  Command Center  
  19  1:56  SCV  
  19  2:01  Supply Depot  
  21  2:08  SCV  
  21  2:09  Marine x2  
  23  2:22  SCV  
  24  2:32  Barracks  
  24  2:34  SCV, Barracks  
  25  2:38  Marine  
  25  2:39  Marine  
  25  2:44  Refinery  
  27  2:50  SCV  
  28  2:56  Marine x2  
  30  3:02  SCV  
  30  3:05  Orbital Command  
  31  3:14  Marine x2  
  31  3:18  Factory  
  33  3:20  Barracks Tech Lab  
  33  3:21  Barracks Tech Lab  
  33  3:26  SCV  
  34  3:30  SCV  
  35  3:38  SCV  
  36  3:42  SCV  
  36  3:43  Stimpack, Supply Depot  
  36  3:46  Combat Shield  
  37  3:48  Marine  
  37  3:50  Marine  
  39  3:57  SCV x2  
  41  4:09  Starport, SCV x2, Factory Reactor  
  43  4:18  Marine x2  
  43  4:19  Supply Depot, Marauder  
  47  4:25  SCV x2  
  47  4:27  Supply Depot  
  47  4:28  Marine  
  50  4:36  Marine x2  
  52  4:39  SCV x2  
  52  4:40  Marine  
  55  4:45  Marine  
  55  4:47  Supply Depot  
  56  4:54  Supply Depot  
  56  4:56  SCV x2  
  56  4:57  Marine x2  
  56  4:59  Marauder  
  62  5:03  Marine  
  63  5:08  SCV x2, Concussive Shells  
  63  5:10  Medivac  
  63  5:11  Medivac  
  69  5:14  Marine  
  69  5:15  Marine  
  69  5:16  Supply Depot  
  69  5:19  Supply Depot  
  69  5:20  Marauder  
  72  5:25  Marine  
  73  5:29  SCV x2  
  73  5:32  Marine  
  76  5:41  SCV, Marauder, Factory Tech Lab  
  79  5:55  Marine x3  
  82  5:59  Supply Depot  
  82  6:03  Marauder, Supply Depot  
  84  6:14  Marauder  
  84  6:15  Barracks  
  84  6:16  Barracks  
  86  6:22  Engineering Bay  
  86  6:24  SCV x2, Marauder  
  89  6:36  SCV x2  
  91  6:42  Command Center  
  85  6:48  SCV  
  81  7:05  Marine x6  
  74  7:23  Marine x3  
  74  7:26  Barracks Tech Lab  
  74  7:27  Barracks Reactor  
  77  7:33  Terran Infantry Weapons Level 1  
  77  7:38  Engineering Bay  
  77  7:39  Factory  
  77  7:41  Armory, Factory  
  72  7:53  Command Center  
  72  8:00  Marine x2  
  72  8:01  Marine x3  
  72  8:06  Siege Tank  
  75  8:15  Terran Infantry Armor Level 1  
  75  8:17  Starport  
  75  8:18  Marine x2  
  77  8:30  Marine x5  
  82  8:36  Marine x2  
  82  8:38  Siege Tank  
  82  8:47  Marine x2  
  82  8:48  Marine x3  
  74  8:55  Starport Tech Lab  
  72  9:06  Factory Tech Lab  
  68  9:21  Factory Tech Lab  
  68  9:24  Missile Turret x2  
  64  9:30  Missile Turret  
  64  9:34  Missile Turret  
  61  9:38  SCV x2  
  61  9:41  Marine x2  
  61  9:42  Marine x2  
  61  9:50  SCV x2  
  61  9:59  Marine  
  58  10:00  Marine x6  
  58  10:02  SCV x2  
  59  10:09  Missile Turret  
  51  10:14  SCV  
  51  10:17  Marine x2  
  51  10:18  Marine x5  
  42  10:35  Marine x3  
  40  10:58  Missile Turret  
  40  11:02  Missile Turret  
  40  11:03  SCV x2  
  42  11:09  Terran Infantry Weapons Level 2  
  42  11:10  Terran Infantry Armor Level 2  
  42  11:14  Missile Turret  
  42  11:15  SCV x2  
  44  11:25  Marine  
  44  11:26  Marine x6  
  44  11:27  SCV x2  
  44  11:28  Factory Tech Lab  
  44  11:29  Factory Tech Lab  
  44  11:30  Thor  
  59  11:39  SCV  
  55  11:42  Missile Turret  
  55  11:43  Marine x2  
  55  11:44  Marine x5  
  42  12:01  Marine x2  
  42  12:02  Marine x5  
  42  12:19  Marine x3  
  44  12:33  Marine  
  44  12:34  Marine x3  
  44  12:36  Siege Tank  
  51  12:37  Marine x3  
  54  12:45  SCV x2  
  52  12:51  Marine x3  
  52  12:52  Marine  
  52  12:55  Marine x3  
  52  12:57  SCV  
  55  13:09  SCV  
  49  13:21  SCV  
  50  13:39  Command Center  
  50  14:19  Marine x4  
  50  14:20  Marine x2  
  56  14:37  Marine  
  41  15:23  Marine x5  
  44  15:41  Marine x4  
  48  15:55  Marine  
  49  15:58  Marine x2  
  51  16:15  Marine  
  52  16:32  Reaper  
  53  16:46  Marine  
Show
View Real Time Build Order
Export as new Build Order

Raiju Zerg 

Build Orders: Hatch First, Swarm Host 

Get SALT Encoding   

  12  0:01  Drone  
  13  0:13  Overlord  
  13  0:17  Drone  
  14  0:31  Drone x2  
  16  0:36  Drone  
  17  0:46  Drone  
  18  0:59  Drone  
  19  1:05  Extractor  
  19  1:06  Hatchery  
  17  1:16  Evolution Chamber  
  17  1:21  Spawning Pool  
  17  1:22  Drone x2  
  18  1:30  Drone  
  19  1:42  Overlord  
  19  1:58  Overlord  
  19  2:08  Queen  
  21  2:11  Zergling x2  
  21  2:13  Metabolic Boost  
  22  2:16  Drone  
  22  2:19  Queen, Drone  
  26  2:26  Drone  
  26  2:29  Drone  
  28  2:42  Drone  
  28  2:43  Queen  
  32  2:44  Drone  
  32  2:51  Drone  
  33  2:53  Drone  
  33  2:55  Queen  
  36  3:10  Drone  
  37  3:13  Drone  
  37  3:17  Drone  
  37  3:18  Drone  
  40  3:21  Overlord  
  40  3:34  Lair  
  40  3:35  Extractor  
  40  3:41  Extractor  
  38  3:42  Extractor  
  38  3:45  Hatchery  
  36  3:50  Drone x3  
  36  3:53  Drone x3  
  42  3:56  Drone  
  43  4:08  Drone x3  
  46  4:10  Drone  
  46  4:11  Drone x3  
  50  4:22  Queen  
  50  4:24  Overlord  
  52  4:26  Overlord  
  52  4:28  Overlord  
  52  4:30  Overlord  
  52  4:37  Overlord  
  52  4:38  Overlord  
  52  4:40  Overlord  
  52  4:55  Infestation Pit  
  52  4:56  Drone  
  52  4:57  Queen  
  54  5:03  Queen  
  56  5:15  Drone  
  57  5:21  Spire  
  56  5:28  Drone  
  56  5:29  Drone x6  
  56  5:30  Drone  
  64  6:01  Drone x4  
  68  6:08  Zergling x22  
  78  6:21  Nydus Network  
  78  6:23  Swarm Host x6  
  84  6:51  Zergling x20  
  84  6:52  Zergling x2  
  88  7:08  Zergling x2  
  88  7:09  Zergling x12  
  94  7:24  Drone  
  95  7:37  Swarm Host  
  94  7:38  Swarm Host  
  94  7:40  Overlord  
  94  7:41  Overlord x3  
  83  8:06  Mutalisk  
  83  8:07  Mutalisk x3  
  91  8:16  Nydus Canal  
  91  8:23  Mutalisk x8  
  107  8:31  Hatchery  
  103  8:56  Drone  
  103  9:00  Drone  
  103  9:01  Drone  
  106  9:03  Mutalisk x4  
  106  9:04  Mutalisk x3  
  102  10:15  Mutalisk  
  102  10:16  Mutalisk x9  
  122  10:31  Nydus Canal  
  122  10:58  Nydus Canal  
  122  11:04  Swarm Host x5  
  122  11:09  Overlord  
  122  11:11  Overseer x2  
  115  13:19  Extractor  
  108  13:21  Extractor  
  108  13:22  Drone x3  
  108  13:23  Drone x2  
  108  13:24  Drone  
  95  13:36  Hatchery  
  94  13:51  Swarm Host x8  
  118  14:01  Hydralisk Den  
  117  14:05  Evolution Chamber  
  117  14:08  Evolution Chamber  
  115  14:13  Swarm Host  
  115  14:14  Swarm Host x9  
  142  14:47  Hydralisk  
  142  14:48  Hydralisk x8  
  87  15:47  Grooved Spines  
Tags
 
Composition
Swarm Host
League
GoldGold
Matchup
TvZ
Spawn Locations
Cross Positions
Add a new tag
Caveats
  • Supply blocks, unpowered buildings, or Contaminate may cause inaccurate times.
  • Supply counts are checked every 10 seconds.